 Dungeon Crawl Stone Soup version 0.32-a0-898-g7811c86cf0 (webtiles) character file.

Game seed: 3468266458442185731

900 timneilson the Sneak (level 8, 0/46 HPs)
             Began as a Kobold Enchanter on Apr 4, 2024.
             Was an Initiate of Ashenzari.
             Slain by a jelly (2 damage)
             ... on level 5 of the Dungeon on Apr 5, 2024.
             The game lasted 00:24:13 (5183 turns).

timneilson the Sneak (Kobold Enchanter)             Turns: 5183, Time: 00:24:14

Health: 0/46       AC: -6    Str:  5    XL:     8   Next: 28%
Magic:  11/11      EV: 20    Int: 16    God:    Ashenzari [......]
Gold:   145        SH:  0    Dex: 18    Spells: 9/11 levels left

rFire   . . .        a - +1 dagger
rCold   . . .        (no shield)
rNeg    . . .        d - +1 leather armour
rPois   .            (no helmet)
rElec   .            (no cloak)
rCorr   .            (no gloves)
SInv    .            h - +0 pair of boots
Will    +....        (no amulet)
Stlth   ++++         l - +5 ring of evasion
HPRegen 0.27/turn    f - ring of willpower
MPRegen 0.12/turn

%: no passive effects
@: corroded
A: small, no large weapons, nightstalker 3
a: Renounce Religion, Curse Item


You were on level 5 of the Dungeon.
You worshipped Ashenzari.
Ashenzari was noncommittal.
You visited 2 branches of the dungeon, and saw 6 of its levels.

You collected 145 gold pieces.

Inventory:

Hand Weapons
 a - a +1 dagger (weapon)
Armour
 d - a +1 leather armour (worn)
 h - a +0 pair of boots (worn)
Jewellery
 f - a ring of willpower (right hand)
 l - a +5 ring of evasion (left hand)
Scrolls
 e - 2 scrolls of poison
 g - 2 scrolls of immolation
Potions
 b - a potion of degeneration
 c - a potion of invisibility
 j - 2 potions of magic
 k - 2 potions of enlightenment
 m - a potion of curing


   Skills:
 + Level 3.4 Fighting
 * Level 5.9 Short Blades
 + Level 2.5 Armour
 * Level 5.8 Dodging
 + Level 6.1 Stealth
 + Level 2.4 Spellcasting
 + Level 3.2 Hexes
 + Level 0.8 Ice Magic


You had 9 spell levels left.
You knew the following spells:

 Your Spells              Type           Power      Damage    Failure   Level
a - Ensorcelled Hibernat  Hex/Ice        16%        N/A       21%         2

Your spell library contained the following spells:

 Spells                   Type           Power      Damage    Failure   Level
 Confusing Touch          Hex            12%        N/A       26%         3
 Tukima's Dance           Hex            12%        N/A       26%         3
 Kiss of Death            Conj/Necr      4%         2d5       32%         1
 Dazzling Flash           Conj/Hex       14%        N/A       45%         3
 Dispel Undead            Necr           1%         3d6       97%         4


Dungeon Overview and Level Annotations

Branches:
Dungeon (5/15)             Temple (1/1) D:4

Altars:
Ashenzari
Cheibriados
Dithmenos
Elyvilon
Fedhas
Gozag
Hepliaklqana
Kikubaaqudgha
Makhleb
Nemelex Xobeh
Okawaru
Qazlal
Sif Muna
Trog
Uskayaw
Vehumet
Wu Jian
Xom
Yredelemnul
Zin
The Shining One

Annotations:
D:5 Edmund


Innate Abilities, Weirdness & Mutations

You are small and have problems with some larger weapons.
You are completely attuned to the shadows.


Message History

The jelly misses you.
You hit the jelly but do no damage.
Your hands burn!
* * * LOW HITPOINT WARNING * * *
The jelly is moderately wounded.
You hit the jelly but do no damage.
Your hands burn!
* * * LOW HITPOINT WARNING * * *
The jelly is moderately wounded.
The jelly misses you.
Unknown command.
You feel much better. The jelly misses you.
You hit the jelly.
Your hands burn!
The jelly is moderately wounded.
The jelly closely misses you.
You hit the jelly.
Your hands burn!
The jelly is moderately wounded.
The jelly hits you. The acid corrodes you!
You are splashed with acid!
You hit the jelly but do no damage.
Your hands burn!
The jelly is moderately wounded.
You completely miss the jelly.
The jelly is moderately wounded.
The jelly closely misses you.
You hit the jelly. The acid corrodes you!
Your hands burn!
The jelly is moderately wounded.
The jelly completely misses you.
You hit the jelly but do no damage.
Your hands burn!
The jelly is moderately wounded.
You hit the jelly.
Your hands burn!
The jelly is moderately wounded.
The jelly hits you.
You are splashed with acid!
* * * LOW HITPOINT WARNING * * *
You hit the jelly but do no damage.
Your hands burn!
* * * LOW HITPOINT WARNING * * *
The jelly is moderately wounded.
The jelly completely misses you.
Unknown command.
As you read the scroll of identify, it crumbles to dust.
b - a potion of degeneration The jelly completely misses you.
The jelly attacks as it pursues you! The jelly hits you.
You die...

#. #......
#.##.#...#
#......!.#
##.#.###.# #.#.....#
#.####..# #.# #..# #
#.####J.# .#
#.....@.# ######.##
######.####.[.....##
#......##.....#
##########...####
##...... #.##### #.#
#.# #.#


You could see a jelly.

Vanquished Creatures
  A black bear (D:5)
  An ogre (D:4)
  2 phantoms (D:5)
  3 scorpions
  A bombardier beetle (D:4)
  2 orc priests (D:3)
  A jelly (D:5)
  A sleepcap (D:4)
  An iguana (D:4)
  Natasha (D:2)
  5 adders
  2 ufetubi (D:5)
  3 dart slugs
  A ribbon worm (D:2)
  23 orcs
  6 endoplasms
  4 giant cockroaches
  10 goblins
  6 hobgoblins
  12 jackals
  7 quokkas
  4 ball pythons
  3 bats
  2 frilled lizards
  7 kobolds
  6 rats
115 creatures vanquished.

Notes
Turn   | Place    | Note
-------+----------+-------------------------------------------
     0 | D:1      | timneilson the Kobold Enchanter began the quest for the
                  | Orb.
     0 | D:1      | Reached XP level 1. HP: 10/10 MP: 3/3
    96 | D:1      | Reached XP level 2. HP: 7/16 MP: 5/5
   379 | D:1      | Reached XP level 3. HP: 20/20 MP: 6/6
   872 | D:1      | Reached skill level 1 in Fighting
  1410 | D:2      | Found a faded altar of an unknown god.
  1422 | D:2      | Reached skill level 1 in Armour
  1422 | D:2      | Reached XP level 4. HP: 20/25 MP: 7/7
  1719 | D:2      | Noticed Natasha
  1724 | D:2      | Killed Natasha
  2154 | D:2      | Reached XP level 5. HP: 29/29 MP: 8/8
  3080 | D:4      | Reached skill level 5 in Stealth
  3080 | D:4      | Reached XP level 6. HP: 35/35 MP: 9/9
  3327 | D:4      | Noticed an ogre
  3338 | D:4      | Killed an ogre
  3339 | D:4      | Reached XP level 7. HP: 40/40 MP: 10/10
  3487 | D:4      | Found a staircase to the Ecumenical Temple.
  3493 | Temple   | Entered the Ecumenical Temple
  3507 | Temple   | Became a worshipper of Ashenzari the Shackled
  4010 | D:4      | Reached skill level 5 in Dodging
  4120 | D:5      | Entered Level 5 of the Dungeon
  4254 | D:5      | Noticed Edmund
  4427 | D:5      | Reached skill level 5 in Short Blades
  4848 | D:5      | Learned a level 2 spell: Ensorcelled Hibernation
  4966 | D:5      | Reached skill level 6 in Stealth
  4966 | D:5      | Reached XP level 8. HP: 46/46 MP: 11/11
  5180 | D:5      | HP: 1/46 [acid (4)]
  5183 | D:5      | Slain by a jelly

Illustrated notes

Levels and vault maps discovered:
D:1:      ldierk_walled_garden_2, layout_basic, minmay_misc_feat_diagonals
D:2:      layout_basic, ebering_ecumenical_altar_box, uniq_natasha
D:3:      layout_basic, grunt_decor_cap
D:4:      layout_loops_cross, temple_pool_b
D:5:      layout_loops_corners, uniq_blork_the_orc, uniq_edmund
Temple:   mainiacjoe_temple_trianglar_array

Skill      XL: |  1  2  3  4  5  6  7 |
---------------+----------------------+-----
Short Blades   | 2 3 4 5 |  5.9
Dodging        | 3 4 5 |  5.8
Fighting       | 1 2 3 |  3.4
Armour         | 1 2 |  2.5
Stealth        | 5 6 |  6.1
Spellcasting   | |  2.4
Hexes          | |  3.2
Ice Magic      | |  0.8

Action                     |  1- 3 |  4- 6 |  7- 9 || total
---------------------------+-------+-------+-------++-------
  Melee: Dagger            |   171 |   213 |   241 ||   625
    Use: Scroll            |     5 |     4 |     4 ||    13
         Potion            |       |       |     5 ||     5
   Stab: Sleeping          |     8 |    21 |    10 ||    39
         Distracted        |     2 |     1 |       ||     3
         Invisible         |       |       |     2 ||     2
 Armour: Leather armour    |    65 |    58 |    53 ||   176
  Dodge: Dodged            |    96 |   134 |   194 ||   424

Table legend: (Time is in decaauts)
 A = Elapsed time spent in this place.
 B = Non-inter-level travel time spent in this place.
 C = Inter-level travel time spent in this place.
 D = Time resting spent in this place.
 E = Time spent auto-exploring this place.
 F = Levels seen in this place.
 G = Mean time per level.
                   A        B        C        D        E       F      G
               +--------+--------+--------+--------+--------+-----+--------+
         Total |   5077 |   4945 |    132 |    819 |   1595 |   6 |  846.2 |
       Dungeon |   5050 |   4943 |    107 |    819 |   1595 |   5 | 1010.0 |
        Temple |     27 |      2 |     25 |      0 |      0 |   1 |   27.0 |
               +--------+--------+--------+--------+--------+-----+--------+

Top non-repeatable levels by time:
     D:2: 1232 daAuts
     D:1: 1050 daAuts
     D:5: 1015 daAuts
     D:3: 912 daAuts
     D:4: 839 daAuts
  Temple: 27 daAuts
